AoeStats
← NoMore

African Clearing

504846026Analyzed
3v3 RM · 26d ago on Sep 6, 2026· 48m 48s· 6 players
Game mode
Random Map
Map size
Normal (6 player)
Population
200
Speed
Normal
Resources
Standard
Victory
Conquest
Starting age
Dark Age
Ending age
Imperial Age
RankedLock teamsTeams togetherTeam positionsShared explorationLock speedFull tech treeHidden civsTurbo modeCheats
Victory
Defeat
🇪🇸 Koreans · Spain
1138
+15
🇨🇴 Bulgarians · Colombia
1122
+15
🇺🇸 Hindustanis · United States
1066
+18
🇲🇽 Britons · Mexico
1147
-18
🇲🇽 Byzantines · Mexico
1123
-17
🇺🇸 Jurchens · United States
1041
-13
NoMore
4:55 Loom
14:46 Feudal Age
16:00 Double-Bit Axe
16:49 Town Watch
18:44 Fletching
23:43 Castle Age
22:33 Gold Mining
22:58 Horse Collar
25:02 Bow Saw
28:11 Husbandry
28:37 Forging
31:47 Scale Barding Armor
32:18 Iron Casting
32:11 Bloodlines
32:19 Stone Mining
36:11 Wheelbarrow
37:03 Elite Skirmisher
39:36 Heavy Plow
41:11 Chain Barding Armor
40:55 Padded Archer Armor
44:20 Imperial Age
43:12 Bodkin Arrow
43:34 Leather Archer Armor
43:35 Fortified Bastions
46:46 Hand Cart
JR | azero
6:04 Loom
13:09 Feudal Age
14:07 Double-Bit Axe
17:38 Fletching
18:35 Horse Collar
23:30 Castle Age
24:42 Crossbowman
25:37 Town Watch
27:13 Bodkin Arrow
27:18 Padded Archer Armor
39:50 Wheelbarrow
42:00 Imperial Age
41:07 Wheelbarrow
42:44 Leather Archer Armor
44:41 Bracer
46:30 Arbalester
Tanatos
5:18 Loom
14:10 Feudal Age
19:03 Wheelbarrow
18:15 Double-Bit Axe
21:24 Fletching
26:50 Castle Age
25:13 Horse Collar
27:01 Crossbowman
36:27 Scale Barding Armor
41:18 Husbandry
41:30 Forging
45:35 Pikeman
Jacks story
3:45 Loom
14:39 Feudal Age
15:10 Town Watch
15:28 Double-Bit Axe
21:34 Fletching
24:41 Arson
31:00 Castle Age
32:52 Bow Saw
43:16 Padded Archer Armor
43:28 Forging
46:59 Imperial Age
45:44 Leather Archer Armor
45:34 Scale Mail Armor
46:30 Chain Mail Armor
49:32 Conscription
49:28 Scale Barding Armor
50:00 Iron Casting
Flames44
3:12 Loom
13:18 Feudal Age
14:20 Stone Mining
14:51 Double-Bit Axe
15:00 Fletching
25:09 Castle Age
25:47 Bodkin Arrow
27:41 Ballistics
27:55 Treadmill Crane
32:18 Masonry
34:41 Wheelbarrow
36:54 Horse Collar
37:06 Gold Mining
37:28 Bow Saw
39:57 Hand Cart
40:11 Heavy Plow
42:45 Fervor
42:56 Sanctity
45:13 Imperial Age
45:20 Elite War Wagon
46:26 Shinkichon
47:31 Chemistry
47:42 Conscription
Rogfin
9:06 Loom
12:35 Feudal Age
13:03 Double-Bit Axe
16:32 Wheelbarrow
19:07 Horse Collar
23:05 Castle Age
21:46 Gold Mining
22:14 Forging
23:04 Scale Barding Armor
23:13 Bloodlines
24:13 Husbandry
24:54 Heavy Plow
28:11 Iron Casting
29:53 Squires
31:52 Chain Barding Armor
38:17 Imperial Age
36:32 Scale Mail Armor
36:43 Stirrups
37:42 Chain Mail Armor
37:27 Arson
38:40 Gold Shaft Mining
38:18 Bow Saw
40:14 Blast Furnace
39:51 Hand Cart
40:14 Elite Konnik
42:02 Plate Barding Armor
43:02 Plate Mail Armor
43:22 Conscription
44:00 Fletching
45:27 Bodkin Arrow
45:56 Ballistics
48:12 Chemistry
48:20 Bracer
Connection lost

Rejoining the realm…

Still unreachable

The connection could not be restored.

Session expired

The server has moved on; the page needs a fresh start.